 Dungeon Crawl Stone Soup version 0.23.2-33-g5129a83184 (webtiles) character file.

Game seed: 14107441331990253165

18 FishyPogo the Sneak (level 2, -2/22 HPs)
             Began as a Naga Air Elementalist on July 30, 2019.
             Slain by a jackal (3 damage)
             ... on level 1 of the Dungeon.
             The game lasted 00:09:09 (471 turns).

FishyPogo the Sneak (Naga Air Elementalist)          Turns: 471, Time: 00:09:10

Health: -2/22      AC:  2    Str: 10    XL:     2   Next: 66%
Magic:  0/5        EV: 10    Int: 15    God:
Gold:   49         SH:  0    Dex: 11    Spells: 4/5 levels left

rFire    . . .     SeeInvis +   a - +0 dagger
rCold    . . .     Gourm    .   (no shield)
rNeg     . . .     Faith    .   h - +0 robe
rPois    +         Spirit   .   i - +0 helmet
rElec    .         Reflect  .   (no cloak)
rCorr    .         Harm     .   (no gloves)
MR       .....                  (no barding)
Stlth    ++........             (no amulet)
HPRegen  0.07/turn              (no ring)
MPRegen  0.09/turn              (no ring)

@: very slightly contaminated, very slow
A: large, see invisible, deformed body, poison resistance, slowness 2, slow
metabolism 1, spit poison 1, AC +0
a: Spit Poison


You were on level 1 of the Dungeon.
You were not hungry.

You visited 1 branch of the dungeon, and saw 1 of its levels.

You collected 49 gold pieces.

Inventory:

Hand Weapons
 a - a +0 dagger (weapon)
Armour
 f - a +0 helmet
 h - a +0 robe (worn)
 i - a +0 helmet (worn)
Scrolls
 b - 5 scrolls of identify {unknown}
 e - a scroll of enchant armour {unknown}
 k - a scroll of remove curse {unknown}
Potions
 d - a potion of haste {unknown}
 j - a potion of heal wounds {unknown}
Comestibles
 c - a ration
 g - 3 chunks of flesh


   Skills:
 + Level 0.1 Fighting
 + Level 2.0 Dodging
 + Level 3.2 Stealth
 * Level 2.3 Spellcasting
 + Level 1.1 Conjurations
 + Level 3.0 Air Magic


You had 4 spell levels left.
You knew the following spells:

 Your Spells              Type           Power        Failure   Level  Hunger
a - Shock                 Conj/Air       #...         9%          1    #......

Your spell library contained the following spells:

 Spells                   Type           Power        Failure   Level  Hunger
 Swiftness                Chrm/Air       #.......     17%         2    ###....
 Static Discharge         Conj/Air       #.......     26%         3    ###....
 Airstrike                Air            ##........   52%         4    #####..
 Lightning Bolt           Conj/Air       #.........   94%         5    ######.


Dungeon Overview and Level Annotations

Branches:
Dungeon (1/15)

Altars:


Innate Abilities, Weirdness & Mutations

You cannot wear boots.
Your serpentine skin is tough. (AC +0)
You have supernaturally acute eyesight. (SInv)
Armour fits poorly on your strangely shaped body.
Your system is resistant to poisons. (rPois)
You cover ground very slowly.
You have a slow metabolism.
You can spit poison.


Message History

* * * LOW HITPOINT WARNING * * *
You hit the jackal.
The jackal is almost dead.
The jackal bites you.
* * * LOW HITPOINT WARNING * * *
Press: ? - help, Shift-Dir - straight line, f - jackal
Aim: a jackal (almost dead)
The splash of poison misses the jackal.
You feel slightly more hungry. The jackal barely misses you.
You barely miss the jackal.
The jackal is almost dead.
The jackal barely misses you. The jackal closely misses you.
You barely miss the jackal.
The jackal is almost dead.
You have got your breath back.
The jackal bites you but does no damage.
You barely miss the jackal.
The jackal is almost dead.
The jackal bites you.
You die...

#. ##.... ...#
#### # .# #.
.# ##.# .#
#..)## # ##.##
### #h##.#####
#...# ...
#.@.!.....
...#.#.#
#.###.########
#..#...#
#...##
#..#.### ##.##
######..#.#
#..#
#.......#.#
##### ##.#
#.####.##.#
.... #.#
###.###...#.#
...# #.#
#..........)#
...# #.#
#.#..##.....#


You could see a jackal.

Vanquished Creatures
  A ball python (D:1)
  A bat (D:1)
  A giant cockroach (D:1)
  2 hobgoblins (D:1)
  3 jackals (D:1)
  3 goblins (D:1)
  3 kobolds (D:1)
  2 rats (D:1)
16 creatures vanquished.

Notes
Turn   | Place    | Note
-------+----------+-------------------------------------------
     0 | D:1      | FishyPogo the Naga Air Elementalist began the quest for the
                  | Orb.
     0 | D:1      | Reached XP level 1. HP: 15/15 MP: 3/3
   200 | D:1      | Reached XP level 2. HP: 22/22 MP: 3/5
   467 | D:1      | HP: 1/22 [jackal (2)]
   471 | D:1      | Slain by a jackal

Skill      XL: |  1 |
---------------+----+-----
Dodging        | 2 |  2.0
Fighting       | |  0.1
Stealth        | |  3.2
Spellcasting   | |  2.3
Conjurations   | |  1.1
Air Magic      | |  3.0

Action                   || total
-------------------------++-------
Melee: Unarmed           ||    10
       Dagger            ||    12
 Cast: Shock             ||    18
 Abil: Spit Poison       ||    11
 Stab: Sleeping          ||     1
Armor: Robe              ||    17
Dodge: Dodged            ||    21
